NWL
CHICAGO A (SS-A) WHITE SOX @ EUGENE EMERALDS
08/31/2099
 
TOP OF THE 1ST
Chicago A (SS-A) White Sox batting - Pitching for Eugene Emeralds : RHP Eric Wise
Pitching: RHP Eric Wise
Batting: RHB Levi Wanamaker 0-0: Called Strike
0-1: Ground out 3-1 (Groundball, 34, EV 98.8 MPH)
Batting: RHB Andy Rossi 0-0: Ball
1-0: Called Strike
1-1: Ball
2-1: Swinging Strike
2-2: Foul Ball, location: 2F
2-2: Ball
3-2: Ground out 4-3 (Groundball, 4, EV 85.0 MPH)
Batting: LHB Ron Wall 0-0: Swinging Strike
0-1: Ball
1-1: Ball
2-1: Ball
3-1: Foul Ball, location: 5F
3-2: Ground out 4-3 (Groundball, 4, EV 88.8 MPH)
Top of the 1st over - 0 runs, 0 hits, 0 errors, 0 left on base; Chicago A (SS-A) 0 - Eugene 0
BOTTOM OF THE 1ST
Eugene Emeralds batting - Pitching for Chicago A (SS-A) White Sox : RHP C.J. Kartman
Pitching: RHP C.J. Kartman
Batting: RHB Hector Camarillo 0-0: Ball
1-0: Foul Ball, location: 9LDF
1-1: Called Strike
1-2: Ball
2-2: Foul Ball, location: 2F
2-2: Ball
3-2: DOUBLE (Flyball, 89D, EV 112.5 MPH)
Batting: RHB Mike Hubbard 0-0: Ball
1-0: Fly out, F7 (Flyball, 7LS, EV 86.9 MPH)
Batting: LHB Justin Barnum 0-0: Ball
1-0: Ball
2-0: Foul Ball, location: 2F
2-1: Foul Ball, location: 2F
2-2: Strikes out looking
Batting: RHB Mike Brown 0-0: Fly out, F3 (Popup, 34, EV 73.1 MPH)
Bottom of the 1st over - 0 runs, 1 hit, 0 errors, 1 left on base; Chicago A (SS-A) 0 - Eugene 0
TOP OF THE 2ND
Chicago A (SS-A) White Sox batting - Pitching for Eugene Emeralds : RHP Eric Wise
Batting: RHB Harold Liddell 0-0: Called Strike
0-1: Foul Ball, location: 5FF
0-2: Ball
1-2: Foul Ball, location: 9LMF
1-2: Ball
2-2: Ball
3-2: Foul Ball, location: 5F
3-2: DOUBLE (Line Drive, 9LS, EV 91.9 MPH)
Batting: RHB Foeke Eenkhoorn 0-0: Ball
1-0: Called Strike
1-1: Ball
2-1: Ball
Wild Pitch!
Harold Liddell to third
3-1: Base on Balls
Batting: SHB Mitch Hickman 0-0: Called Strike
0-1: Ball
1-1: Ball
2-1: Swinging Strike
2-2: Ball
3-2: Base on Balls
Foeke Eenkhoorn to second
Batting: RHB Antonio Estrada 0-0: Grounds into double play, 4-6-3 (Groundball, 4S, EV 98.1 MPH)
Harold Liddell scores
Foeke Eenkhoorn to third
Batting: RHB Joaquin Herrera 0-0: Fly out, F4 (Popup, 23, EV 91.9 MPH)
Top of the 2nd over - 1 run, 1 hit, 0 errors, 1 left on base; Chicago A (SS-A) 1 - Eugene 0
BOTTOM OF THE 2ND
Eugene Emeralds batting - Pitching for Chicago A (SS-A) White Sox : RHP C.J. Kartman
Batting: SHB Marcus Phelps 0-0: Called Strike
0-1: Called Strike
0-2: Ball
1-2: Fly out, F8 (Flyball, 89S, EV 86.9 MPH)
Batting: RHB Tony Alvarez 0-0: Called Strike
0-1: Called Strike
0-2: Fly out, F9 (Line Drive, 9S, EV 93.1 MPH)
Batting: RHB Aiden Byrd 0-0: Ball
1-0: Called Strike
1-1: Swinging Strike
1-2: Ball
2-2: Foul Ball, location: 9LSF
2-2: Strikes out swinging
Bottom of the 2nd over - 0 runs, 0 hits, 0 errors, 0 left on base; Chicago A (SS-A) 1 - Eugene 0
TOP OF THE 3RD
Chicago A (SS-A) White Sox batting - Pitching for Eugene Emeralds : RHP Eric Wise
Batting: SHB Luis Santamaria 0-0: Called Strike
0-1: Ball
1-1: Swinging Strike
1-2: Ball
2-2: Ball
3-2: Foul Ball, location: 3FF
3-2: Foul Ball, location: 9LSF
3-2: Fly out, F7 (Flyball, 7D, EV 88.8 MPH)
Batting: RHB Levi Wanamaker 0-0: Bunt for hit to 15 - play at first, batter safe!
Batting: RHB Andy Rossi 0-0: Ball
1-0: Called Strike
1-1: Ball
2-1: Swinging Strike
2-2: Foul Ball, location: 9LSF
2-2: Ball
3-2: Base on Balls
Levi Wanamaker to second
Batting: LHB Ron Wall 0-0: Ball
1-0: Ball
2-0: Called Strike
2-1: Ball
3-1: Base on Balls
Levi Wanamaker to third
Andy Rossi to second
Batting: RHB Harold Liddell 0-0: Ball
1-0: Called Strike
1-1: Ball
2-1: Ball
3-1: Base on Balls
Levi Wanamaker scores
Andy Rossi to third
Ron Wall to second
Batting: RHB Foeke Eenkhoorn 0-0: Ball
1-0: Fly out, F9 (Flyball, 9S, EV 90.0 MPH)
Batting: SHB Mitch Hickman 0-0: Swinging Strike
0-1: Ball
1-1: Called Strike
1-2: Foul Ball, location: 9LSF
1-2: Fly out, F7 (Flyball, 7D, EV 107.5 MPH)
Top of the 3rd over - 1 run, 1 hit, 0 errors, 3 left on base; Chicago A (SS-A) 2 - Eugene 0
BOTTOM OF THE 3RD
Eugene Emeralds batting - Pitching for Chicago A (SS-A) White Sox : RHP C.J. Kartman
Batting: RHB Vicente Anastacio 0-0: Ball
1-0: Called Strike
1-1: Swinging Strike
1-2: Ball
2-2: Ball
3-2: Strikes out looking
Batting: RHB Jake Allen 0-0: SINGLE (Line Drive, 9LS, EV 86.9 MPH)
Batting: RHB Hector Camarillo 0-0: Ball
1-0: Ball
2-0: Foul Ball, location: 9LMF
2-1: Foul Ball, location: 2RF
2-2: SINGLE (Flyball, 4D, EV 91.3 MPH)
Jake Allen to second
Batting: RHB Mike Hubbard 0-0: Called Strike
0-1: Swinging Strike
0-2: Grounds into double play, 5-4-3 (Groundball, 56, EV 98.8 MPH)
Bottom of the 3rd over - 0 runs, 2 hits, 0 errors, 1 left on base; Chicago A (SS-A) 2 - Eugene 0
TOP OF THE 4TH
Chicago A (SS-A) White Sox batting - Pitching for Eugene Emeralds : RHP Eric Wise
Batting: RHB Antonio Estrada 0-0: Called Strike
0-1: Ground out 4-3 (Groundball, 4S, EV 88.8 MPH)
Batting: RHB Joaquin Herrera 0-0: Called Strike
0-1: Ball
1-1: Foul Ball, location: 25F
1-2: Ground out 1-3 (Groundball, P, EV 68.8 MPH)
Batting: SHB Luis Santamaria 0-0: Foul Ball, location: 5SF
0-1: TRIPLE (Flyball, 89XD, EV 95.0 MPH)
Batting: RHB Levi Wanamaker 0-0: Ball
1-0: Ball
2-0: Foul Ball, location: 9LMF
2-1: Ball
3-1: Foul Ball, location: 9LMF
3-2: Foul Ball, location: 9LSF
3-2: Base on Balls
Batting: RHB Andy Rossi 0-0: Ball
1-0: Foul Ball, location: 9LSF
1-1: Called Strike
1-2: Ball
2-2: SINGLE (Flyball, 4D, EV 88.1 MPH)
Luis Santamaria scores
Levi Wanamaker to second
Runner from 2nd tries for 3rd, SAFE, throw by CF made to third
Batting: LHB Ron Wall 0-0: Foul Ball, location: 25F
0-1: SINGLE (Line Drive, 7LS, EV 88.8 MPH)
Levi Wanamaker scores
Andy Rossi to second
Batting: RHB Harold Liddell 0-0: Called Strike
0-1: Ball
1-1: Foul Ball, location: 9LMF
1-2: Hit by Pitch
Andy Rossi to third
Ron Wall to second
Batting: RHB Foeke Eenkhoorn 0-0: Called Strike
0-1: Ball
1-1: Foul Ball, location: 2LF
1-2: Foul Ball, location: 5FF
1-2: Ball
2-2: Ground out 4-3 (Groundball, 4S, EV 92.5 MPH)
Top of the 4th over - 2 runs, 3 hits, 0 errors, 3 left on base; Chicago A (SS-A) 4 - Eugene 0
BOTTOM OF THE 4TH
Eugene Emeralds batting - Pitching for Chicago A (SS-A) White Sox : RHP C.J. Kartman
Batting: LHB Justin Barnum 0-0: Ball
1-0: Ball
2-0: Swinging Strike
2-1: Ball
3-1: Base on Balls
Batting: RHB Mike Brown 0-0: Ball
1-0: Called Strike
1-1: Grounds into double play, 4-6-3 (Groundball, 4, EV 81.9 MPH)
Batting: SHB Marcus Phelps 0-0: Called Strike
0-1: Ball
1-1: DOUBLE (Line Drive, 8LXD, EV 110.6 MPH)
Batting: RHB Tony Alvarez 0-0: Ball
1-0: Hit by Pitch
Batting: RHB Aiden Byrd 0-0: Called Strike
0-1: Ball
Wild Pitch!
Marcus Phelps to third
Tony Alvarez to second
1-1: Ball
2-1: Foul Ball, location: 5DF
2-2: Foul Ball, location: 2F
2-2: Fly out, F7 (Flyball, 7S, EV 93.8 MPH)
Bottom of the 4th over - 0 runs, 1 hit, 0 errors, 2 left on base; Chicago A (SS-A) 4 - Eugene 0
TOP OF THE 5TH
Chicago A (SS-A) White Sox batting - Pitching for Eugene Emeralds : RHP Eric Wise
Pitching: RHP Jim Unknown
Batting: SHB Mitch Hickman 0-0: Called Strike
0-1: Foul Ball, location: 25FF
0-2: Strikes out swinging
Batting: RHB Antonio Estrada 0-0: Ball
1-0: Called Strike
1-1: Ball
2-1: Ground out 4-3 (Groundball, 4, EV 104.4 MPH)
Batting: RHB Joaquin Herrera 0-0: Called Strike
0-1: Foul Ball, location: 3DF
0-2: Strikes out swinging
Top of the 5th over - 0 runs, 0 hits, 0 errors, 0 left on base; Chicago A (SS-A) 4 - Eugene 0
BOTTOM OF THE 5TH
Eugene Emeralds batting - Pitching for Chicago A (SS-A) White Sox : RHP C.J. Kartman
Batting: RHB Vicente Anastacio 0-0: Ball
1-0: Fly out, F9 (Line Drive, 9S, EV 93.1 MPH)
Batting: RHB Jake Allen 0-0: Ball
1-0: Ball
2-0: Ball
3-0: Base on Balls
Batting: RHB Hector Camarillo 0-0: Ball
1-0: Ball
2-0: Ball
3-0: Called Strike
3-1: Base on Balls
Jake Allen to second
Batting: RHB Mike Hubbard 0-0: Ball
1-0: Foul Ball, location: 2F
1-1: Called Strike
1-2: Ball
2-2: Foul Ball, location: 25F
2-2: Ball
3-2: Foul Ball, location: 2LF
3-2: SINGLE (Line Drive, 6MD, EV 96.3 MPH)
Jake Allen to third
Hector Camarillo to second
Batting: LHB Justin Barnum 0-0: Called Strike
0-1: Ball
1-1: DOUBLE (Line Drive, 78D, EV 110.6 MPH)
Jake Allen scores
Hector Camarillo scores
Mike Hubbard to third
Runner from 3rd tries for Home, SAFE, throw by LF to home
Pitching: RHP Wil Moreno
Batting: RHB Mike Brown 0-0: Ball
1-0: Ground out 6-3 (Groundball, 6, EV 101.3 MPH)
Justin Barnum to third
Batting: SHB Marcus Phelps 0-0: Ball
1-0: Foul Ball, location: 3SF
1-1: Ball
2-1: Foul Ball, location: 7LDF
2-2: Strikes out looking
Bottom of the 5th over - 3 runs, 2 hits, 0 errors, 1 left on base; Chicago A (SS-A) 4 - Eugene 3
TOP OF THE 6TH
Chicago A (SS-A) White Sox batting - Pitching for Eugene Emeralds : RHP Jim Unknown
Batting: SHB Luis Santamaria 0-0: Foul Ball, location: 7LMF
0-1: Ball
1-1: Foul Ball, location: 5F
1-2: Strikes out swinging
Batting: RHB Levi Wanamaker 0-0: Foul Ball, location: 9LDF
0-1: Ball
1-1: Ball
2-1: Foul Ball, location: 2F
2-2: Ball
3-2: Ground out 6-3 (Groundball, 56, EV 104.4 MPH)
Batting: RHB Andy Rossi 0-0: Foul Ball, location: 5DF
0-1: Ball
1-1: Ball
2-1: Ball
3-1: SINGLE (Groundball, 15S, EV 68.8 MPH) (infield hit)
Batting: LHB Ron Wall 0-0: Fly out, F7 (Flyball, 7D, EV 100.6 MPH)
Top of the 6th over - 0 runs, 1 hit, 0 errors, 1 left on base; Chicago A (SS-A) 4 - Eugene 3
BOTTOM OF THE 6TH
Eugene Emeralds batting - Pitching for Chicago A (SS-A) White Sox : RHP Wil Moreno
Batting: RHB Tony Alvarez 0-0: Called Strike
0-1: Reached on error, E6 (Groundball, 6, EV 86.9 MPH)
Pinch Hitting: LHB Kevin Whitcomb 0-0: Ball
1-0: Called Strike
1-1: Ball
2-1: 2-RUN HOME RUN (Line Drive, 9LD, EV 95.6 MPH), Distance : 348 ft
Batting: RHB Vicente Anastacio 0-0: Ball
1-0: Ground out 5-3 (Groundball, 56, EV 106.3 MPH)
Batting: RHB Jake Allen 0-0: Foul Ball, location: 9LDF
0-1: Ball
1-1: Foul Ball, location: 25FF
1-2: Ball
2-2: Ball
3-2: Strikes out looking
Batting: RHB Hector Camarillo 0-0: Ball
1-0: Called Strike
1-1: SINGLE (Groundball, 56, EV 101.9 MPH) (infield hit)
Batting: RHB Mike Hubbard 0-0: Called Strike
Hector Camarillo steals 2nd base
0-1: Ball
1-1: Foul Ball, location: 2F
1-2: Ball
2-2: Foul Ball, location: 9LMF
2-2: Foul Ball, location: 2F
2-2: Foul Ball, location: 9LMF
2-2: Ground out 6-3 (Groundball, 6, EV 93.1 MPH)
Bottom of the 6th over - 2 runs, 2 hits, 1 error, 1 left on base; Chicago A (SS-A) 4 - Eugene 5
TOP OF THE 7TH
Chicago A (SS-A) White Sox batting - Pitching for Eugene Emeralds : RHP Jim Unknown
Pitching: LHP Jim Unknown
Now at 1B: Chris Singleton
Batting: RHB Harold Liddell 0-0: Ball
1-0: Swinging Strike
1-1: Called Strike
1-2: Ball
2-2: SINGLE (Groundball, 34, EV 98.1 MPH)
Batting: RHB Foeke Eenkhoorn 0-0: Foul Ball, location: 25F
0-1: Foul Ball, location: 2F
0-2: Fly out, F8 (Line Drive, 8RD, EV 98.1 MPH)
Batting: SHB Mitch Hickman 0-0: Ball
1-0: Ball
2-0: Called Strike
2-1: Swinging Strike
2-2: Ball
3-2: Strikes out looking
Batting: RHB Antonio Estrada 0-0: Called Strike
0-1: Ball
1-1: Foul Ball, location: 9LDF
1-2: Foul Ball, location: 9LSF
1-2: 2-RUN HOME RUN (Line Drive, 7D, EV 97.5 MPH), Distance : 356 ft
Batting: RHB Joaquin Herrera 0-0: Fly out, F9 (Flyball, 9, EV 96.3 MPH)
Top of the 7th over - 2 runs, 2 hits, 0 errors, 0 left on base; Chicago A (SS-A) 6 - Eugene 5
BOTTOM OF THE 7TH
Eugene Emeralds batting - Pitching for Chicago A (SS-A) White Sox : RHP Wil Moreno
Pitching: RHP Ron Ingersoll
Batting: LHB Justin Barnum 0-0: Ball
1-0: Called Strike
1-1: Ball
2-1: Foul Ball, location: 2F
2-2: Ball
3-2: SINGLE (Line Drive, 6D, EV 95.6 MPH)
Batting: RHB Mike Brown 0-0: Ball
1-0: Ball
2-0: Foul Ball, location: 3FF
2-1: Called Strike
2-2: Strikes out swinging
Batting: SHB Marcus Phelps 0-0: TRIPLE (Flyball, 78XD, EV 98.1 MPH)
Justin Barnum scores
Pinch Hitting: LHB Dan Hewitt 0-0: Called Strike
0-1: Ball
Wild Pitch!
Marcus Phelps scores
1-1: Ball
2-1: Foul Ball, location: 2F
2-2: Ball
3-2: Foul Ball, location: 3F
3-2: Strikes out swinging
Batting: LHB Chris Singleton 0-0: Swinging Strike
0-1: Foul Ball, location: 7LDF
0-2: Foul Ball, location: 3FF
0-2: Strikes out looking
Bottom of the 7th over - 2 runs, 2 hits, 0 errors, 0 left on base; Chicago A (SS-A) 6 - Eugene 7
TOP OF THE 8TH
Chicago A (SS-A) White Sox batting - Pitching for Eugene Emeralds : LHP Jim Unknown
Now at 3B: Danny Morales
Batting: SHB Luis Santamaria 0-0: Ball
1-0: Called Strike
1-1: Hit by Pitch
Pinch Runner at 1st Vinny Meza:
Batting: RHB Levi Wanamaker 0-0: Ground out 3-1 (Groundball, 13, EV 86.9 MPH)
Vinny Meza to second
Batting: RHB Andy Rossi 0-0: Ball
1-0: Fly out, F2 (Popup, 2LF, EV 90.0 MPH)
Pinch Hitting: RHB Mike Duff 0-0: Called Strike
0-1: Called Strike
0-2: Ball
1-2: Foul Ball, location: 9LMF
1-2: 2-RUN HOME RUN (Flyball, 7D, EV 95.0 MPH), Distance : 367 ft
Pitching: RHP Jim Unknown
Batting: RHB Harold Liddell 0-0: Foul Ball, location: 25F
0-1: Fly out, F9 (Flyball, 9D, EV 82.5 MPH)
Top of the 8th over - 2 runs, 1 hit, 0 errors, 0 left on base; Chicago A (SS-A) 8 - Eugene 7
BOTTOM OF THE 8TH
Eugene Emeralds batting - Pitching for Chicago A (SS-A) White Sox : RHP Ron Ingersoll
Now at C: J.J. Bottger
Now at 1B: Ricky Cruz
Batting: RHB Vicente Anastacio 0-0: Called Strike
0-1: Foul Ball, location: 7LMF
0-2: Strikes out swinging
Batting: RHB Jake Allen 0-0: Ball
1-0: Swinging Strike
1-1: Ball
2-1: Foul Ball, location: 7LDF
2-2: Strikes out swinging
Batting: RHB Hector Camarillo 0-0: Ball
1-0: Ball
2-0: Ball
3-0: Called Strike
3-1: Called Strike
3-2: Foul Ball, location: 25FF
3-2: Fly out, F8 (Flyball, 8LD, EV 88.1 MPH)
Bottom of the 8th over - 0 runs, 0 hits, 0 errors, 0 left on base; Chicago A (SS-A) 8 - Eugene 7
TOP OF THE 9TH
Chicago A (SS-A) White Sox batting - Pitching for Eugene Emeralds : RHP Jim Unknown
Batting: RHB Foeke Eenkhoorn 0-0: Ball
1-0: Ball
2-0: Ball
3-0: Called Strike
3-1: Called Strike
3-2: SINGLE (Groundball, 6MD, EV 96.9 MPH)
Batting: SHB Mitch Hickman 0-0: Called Strike
0-1: Foul Ball, location: 3SF
0-2: Fly out, F6 (Popup, 6D, EV 55.0 MPH)
Batting: RHB Antonio Estrada 0-0: Ball
1-0: Ball
2-0: Foul Ball, location: 5F
2-1: Called Strike
2-2: Strikes out swinging
Batting: RHB Joaquin Herrera 0-0: Called Strike
0-1: Ball
1-1: Fly out, F9 (Flyball, 9LD, EV 81.3 MPH)
Top of the 9th over - 0 runs, 1 hit, 0 errors, 1 left on base; Chicago A (SS-A) 8 - Eugene 7
BOTTOM OF THE 9TH
Eugene Emeralds batting - Pitching for Chicago A (SS-A) White Sox : RHP Ron Ingersoll
Pitching: RHP Vern Young
Batting: RHB Mike Hubbard 0-0: Ball
1-0: Ball
2-0: Called Strike
2-1: Ball
3-1: SINGLE (Line Drive, 8LS, EV 86.9 MPH)
Batting: LHB Justin Barnum 0-0: Foul Ball, location: 3FF
0-1: Foul Ball, location: 23F
0-2: Foul Ball, location: 3FF
0-2: Ball
1-2: Ball
2-2: Foul Ball, location: 7LMFF
2-2: Ball
3-2: Base on Balls
Mike Hubbard to second
Batting: RHB Mike Brown 0-0: Fly out, F4 (Line Drive, 4M, EV 61.3 MPH)
Lined into DP, 4-3 (Line Drive, 4M, EV 61.3 MPH)
Batting: SHB Marcus Phelps 0-0: Ball
1-0: Ball
2-0: Called Strike
2-1: Foul Ball, location: 5F
2-2: Foul Ball, location: 2F
2-2: Foul Ball, location: 7LSF
2-2: Foul Ball, location: 5F
2-2: Strikes out swinging
Bottom of the 9th over - 0 runs, 1 hit, 0 errors, 1 left on base; Chicago A (SS-A) 8 - Eugene 7
Thursday, May 16th , 2024 - OOTP Baseball 24.11 Build 85